 Dungeon Crawl Stone Soup version 0.19-a0-990-gf36c7f1 (webtiles) character file.

85 Implojin the Ruffian (level 4, 0/44 HPs)
             Began as a Troll Fighter on July 14, 2016.
             Slain by an ice beast (13 damage)
             ... on level 5 of the Dungeon.
             The game lasted 00:01:44 (284 turns).

Implojin the Ruffian (Troll Fighter)                 Turns: 284, Time: 00:01:45

Health: 0/44       AC:  5    Str: 24    XL:     4   Next: 25%
Magic:  3/3        EV:  8    Int:  4    God:
Gold:   26         SH:  8    Dex: 10    Spells: 0 memorised, 3 levels left

rFire  . . .     SeeInvis .       - Unarmed
rCold  . . .     Gourm    +     a - +0 robe
rNeg   . . .     Faith    .     b - +0 shield
rPois  .         Spirit   .     (helmet restricted)
rElec  .         Dismiss  .     (no cloak)
rCorr  .         Reflect  .     (gloves unavailable)
SustAt .         Harm     .     (boots unavailable)
MR     .....                    (no amulet)
Stlth  +.........               (no ring)
                                (no ring)

@: not resistant to hostile enchantments, very unstealthy
A: unfitting armour, claws 3, fast metabolism 3, gourmand, regeneration 2,
shaggy fur 1, tough skin 2
a: no special abilities


You were on level 5 of the Dungeon.
You were not hungry.

You visited 1 branch of the dungeon, and saw 5 of its levels.

You collected 26 gold pieces.

Inventory:

Armour
 a - a +0 robe (worn)
 b - a +0 shield (worn)
Scrolls
 f - a scroll of amnesia {unknown}
 g - a scroll of recharging {unknown}
 h - a scroll of random uselessness {unknown}
 i - a scroll of remove curse {unknown}
 j - a scroll of teleportation {unknown}
 n - a scroll of enchant weapon {unknown}
Potions
 c - a potion of might
 e - a potion of cure mutation {unknown}
 l - a potion of degeneration {unknown}
 m - a potion of flight {unknown}
Comestibles
 d - 4 bread rations
 k - a meat ration


   Skills:
 - Level 2.4 Fighting
 - Level 2.4 Dodging
 - Level 2.4 Shields
 * Level 4.5 Unarmed Combat


You had 3 spell levels left.
You didn't know any spells.

Dungeon Overview and Level Annotations

Branches:
Dungeon (5/15)
 Temple: D:4-7

Altars:
Qazlal
Xom

Shops:
D:4 ?


Innate Abilities, Weirdness & Mutations

You are too large for most types of armour.
You have claws for hands.
Your metabolism is lightning-fast.
You like to eat raw meat.
You heal very quickly.
You are covered in fur. (AC +1)
You have very tough skin. (AC +2)


Message History

You closely miss the giant newt.
The giant newt bites you but does no damage.
You scratch the giant newt.
The giant newt is heavily wounded.
You block the giant newt's attack.
Your shield prevents you from hitting the giant newt.
The giant newt is heavily wounded.
The giant newt hisses menacingly.
You block the giant newt's attack.
You claw the giant newt!
You kill the giant newt!
An ooze comes into view.
The ooze quivers.
You block the ooze's attack.
You claw the ooze!
The ooze is severely wounded.
The ooze closely misses you.
You scratch the ooze.
The ooze is almost dead.
The ooze closely misses you.
You claw the ooze!
You kill the ooze!
An ice beast comes into view.
The ice beast hits you. The ice beast freezes you!
You claw the ice beast!
The ice beast is heavily wounded.
The ice beast hits you. The ice beast freezes you!
* * * LOW HITPOINT WARNING * * *
You scratch the ice beast but do no damage.
The ice beast is heavily wounded.
The ice beast closely misses you.
You scratch the ice beast.
The ice beast is severely wounded.
The ice beast closely misses you.
You scratch the ice beast but do no damage.
The ice beast is severely wounded.
The ice beast hits you.
* * * LOW HITPOINT WARNING * * *
The ice beast freezes you!
You die...

.. #.# #.# #.# ####
#.# ..# #.# #.#.#
##.## #.#
#.######...# ##.#
#........@# #.##
##.......Y# ##.##
##.##.........#
....###.....###......
.....#.######
######## #####.## ###


You could see an ice beast.

Vanquished Creatures
  A worker ant (D:4)
  4 adders
  An ooze (D:5)
  An adder skeleton (D:3)
  A dart slug (D:1)
  A giant gecko (D:4)
  A giant cockroach (D:1)
  A hobgoblin (D:1)
  A jackal (D:2)
  3 kobolds (D:2)
  A giant newt (D:5)
  A goblin (D:1)
  A rat (D:1)
18 creatures vanquished.

Notes
Turn   | Place    | Note
-------+----------+-------------------------------------------
     0 | D:1      | Implojin the Troll Fighter began the quest for the Orb.
     0 | D:1      | Reached XP level 1. HP: 22/22 MP: 0/0
    23 | D:2      | Reached XP level 2. HP: 22/29 MP: 1/1
    45 | D:2      | Reached skill level 3 in Unarmed Combat
   111 | D:2      | Reached XP level 3. HP: 36/36 MP: 2/2
   146 | D:2      | Found a shimmering altar of Xom.
   167 | D:3      | Reached skill level 4 in Unarmed Combat
   181 | D:3      | Found a stormy altar of Qazlal.
   197 | D:4      | Found Wisual's Magic Scroll Boutique.
   212 | D:4      | Reached XP level 4. HP: 44/44 MP: 3/3
   248 | D:5      | Entered Level 5 of the Dungeon
   275 | D:5      | Noticed an ice beast
   284 | D:5      | Slain by an ice beast

Vault maps used:
D:1:      minmay_arrival_three_doors, st_stairs_1
D:2:      old_standard_altar, nicolae_overflow_crystal_walls, led_sif_pool,
          uniq_iyjb
D:3:      overflow_temple_1_default, nicolae_qazlal_general_emergency,
          kennysheep_generic_room_4, uniq_jessica
D:4:      lemuel_round_altar, serial_shops, nicolae_shop_crystal, first_bread
D:5:      grunt_pakellas_basics

Skill      XL: |  1  2  3 |
---------------+----------+-----
Unarmed Combat | 3 4 |  4.5
Fighting       | |  2.4
Dodging        | |  2.4
Shields        | |  2.4

Action                   |  1- 3 |  4- 6 || total
-------------------------+-------+-------++-------
Melee: Unarmed           |    44 |    12 ||    56
  Eat: Chunk             |       |     3 ||     3
Armor: Robe              |    26 |     2 ||    28
Dodge: Dodged            |    13 |     4 ||    17
Block: Shield            |    27 |     3 ||    30

Table legend:
 A = Turns spent in this place as a percentage of turns spent in the entire game.
 B = Non-inter-level travel turns spent in this place as a percentage of non-inter-level travel turns spent in the entire game.
 C = Inter-level travel turns spent in this place as a percentage of turns spent in this place.
 D = Turns resting spent in this place as a percentage of non-inter-level travel turns spent in this place.
 E = Turns spent auto-exploring this place as a percentage of non-inter-level travel turns spent in this place.
 F = Non-inter-level travel turns spent in this place divided by the number of levels of this place that you've seen.
                   A       B       C       D       E      F
               +-------+-------+-------+-------+-------+----------------------
         Total | 100.0 | 100.0 |   0.0 |   0.0 |   0.0 |  55.2
       Dungeon | 100.0 | 100.0 |   0.0 |   0.0 |   0.0 |  55.2
               +-------+-------+-------+-------+-------+----------------------

Table legend:
 A = Kills in this place as a percentage of kills in entire the game.
 B = Kills by you in this place as a percentage of kills by you in the entire game.
 C = Kills by friends in this place as a percentage of kills by friends in the entire game.
 D = Other kills in this place as a percentage of other kills in the entire game.
 E = Experience gained in this place as a percentage of experience gained in the entire game.
 F = Experience gained in this place divided by the number of levels of this place that you have seen.
                   A       B       C       D       E      F
               +-------+-------+-------+-------+-------+----------------------
         Total | 100.0 | 100.0 |  -nan |  -nan | 100.0 |  24.4
       Dungeon | 100.0 | 100.0 |  -nan |  -nan | 100.0 |  24.4
               +-------+-------+-------+-------+-------+----------------------
